 Dungeon Crawl Stone Soup version 0.26.0-9-gab577f9fc5 (webtiles) character file.

Game seed: 7290947445175121052

239 oldblader the Shield-Bearer (level 5, -8/45 HPs)
             Began as a Minotaur Fighter on Jan 13, 2021.
             Mangled by Froggeryz's ghost (9 damage)
             ... on level 3 of the Dungeon.
             The game lasted 00:20:20 (2019 turns).

oldblader the Shield-Bearer (Minotaur Fighter)      Turns: 2019, Time: 00:20:20

Health: -8/45      AC:  9    Str: 22    XL:     5   Next: 79%
Magic:  4/4        EV:  3    Int:  5    God:
Gold:   72         SH: 10    Dex:  9    Spells: 4/4 levels left

rFire    . . .     SeeInvis .   a - +0 war axe
rCold    . . .     Faith    .   c - +0 kite shield
rNeg     . . .     Spirit   .   b - +0 scale mail
rPois    .         Reflect  .   (helmet restricted)
rElec    .         Harm     .   m - +1 cloak
rCorr    .         Rampage  .   (no gloves)
Will     .....                  (no boots)
Stlth    ..........             (no amulet)
HPRegen  0.15/turn              e - -4 ring of evasion (curse)
MPRegen  0.09/turn              (no ring)

@: lethally poisoned (-8 -> -37)
A: retaliatory headbutt, horns 2
a: no special abilities


You were on level 3 of the Dungeon.
You visited 1 branch of the dungeon, and saw 4 of its levels.

You collected 72 gold pieces.

Inventory:

Hand Weapons
 a - a +0 war axe (weapon)
 k - a +0 hunting sling
Missiles
 l - 76 stones (quivered)
 o - 19 bolts
Armour
 b - a +0 scale mail (worn)
 c - a +0 kite shield (worn)
 m - a +1 cloak (worn)
Jewellery
 e - a cursed -4 ring of evasion (left hand)
 g - an uncursed ring of see invisible
Scrolls
 f - a scroll of immolation
 h - 2 scrolls of identify {unknown}
Potions
 d - 2 potions of might
 i - a potion of attraction {unknown}
 j - a potion of haste {unknown}
 p - a potion of curing {unknown}


   Skills:
 - Level 3.6 Fighting
 + Level 4.6 Axes
 + Level 5.4 Armour
 + Level 5.4 Shields


You had 4 spell levels left.
You didn't know any spells.
Your spell library was empty.

Dungeon Overview and Level Annotations

Branches:
Dungeon (4/15)
 Temple: D:4-7

Altars:
Kikubaaqudgha
Qazlal

Annotations:
D:3 Froggeryz's ghost, amateur GrFi


Innate Abilities, Weirdness & Mutations

You reflexively headbutt those who attack you in melee.
You have a pair of horns on your head.


Message History

You block Froggeryz's ghost's attack.
You see here a stone.
* * * LOW HITPOINT WARNING * * *
You feel very sick.
The hobgoblin throws a stone.
You block the stone.
You see here a stone.
* * * LOW HITPOINT WARNING * * *
You feel very sick.
The hobgoblin throws a stone.
You block the stone.
You see here a stone.
* * * LOW HITPOINT WARNING * * *
You feel very sick.
The hobgoblin throws a stone.
You block the stone.
There is a stone staircase leading up here.
You see here a stone.
Unknown command.
* * * LOW HITPOINT WARNING * * *
You feel sick.
The hobgoblin throws a stone.
The stone hits you but does no damage. Froggeryz's ghost hits you!
You die...

#.#.⌠.⌠.#.# #####
#.#.÷<..#†# #...# #
#.#.⌠.⌠.#.# #...#
##..#.##...##.###...#
....#.⌠#####⌠.#.....# ..
#..##.......###....#
...##...####'####......#
.....##...........†.....#
......g......@..........#
...#.#.....§§W..#####...#
.........>§§#### #####
#.......§§#§§§#
.###.......§§§§§(#
...........§§#§§.#
.####.)....§§#####
##.......## #...†...##


You could see Froggeryz's ghost and a hobgoblin.

Vanquished Creatures
  An ogre (D:3)
  A killer bee (D:3)
  A gnoll (D:1)
  4 adders
  An ooze (D:2)
  A worm (D:2)
  2 dart slugs (D:1)
  A leopard gecko (D:3)
  3 bats
  5 giant cockroaches
  5 hobgoblins
  2 quokkas
  5 frilled lizards (D:2)
  13 goblins
  5 kobolds
  5 rats (D:2)
55 creatures vanquished.

Notes
Turn   | Place    | Note
-------+----------+-------------------------------------------
     0 | D:1      | oldblader the Minotaur Fighter began the quest for the Orb.
     0 | D:1      | Reached XP level 1. HP: 19/19 MP: 0/0
    17 | D:1      | Reached XP level 2. HP: 26/26 MP: 1/1
   392 | D:1      | Reached XP level 3. HP: 31/31 MP: 2/2
   595 | D:2      | Found an ancient bone altar of Kikubaaqudgha.
   807 | D:2      | Found a stormy altar of Qazlal.
   969 | D:2      | Reached XP level 4. HP: 38/39 MP: 3/3
  1518 | D:3      | Found a runed translucent door.
  1522 | D:3      | Noticed Froggeryz's ghost (amateur GrFi)
  1523 | D:3      | Noticed an ogre
  1956 | D:3      | Killed an ogre
  1957 | D:3      | Reached skill level 5 in Armour
  1957 | D:3      | Reached skill level 5 in Shields
  1957 | D:3      | Reached XP level 5. HP: 40/45 MP: 4/4
  2019 | D:3      | HP: 1/45 [poisoned by Froggeryz's ghost]
  2019 | D:3      | Mangled by Froggeryz's ghost

Illustrated notes

Levels and vault maps discovered:
D:1:      sevenhm_arrival_forest_fort_small_6, layout_basic
D:2:      minmay_evil_eye, layout_basic, general_overflow_altar,
          dk_noncrumbling_2, nicolae_qazlal_eye_of_the_storm
D:3:      layout_rooms, nicolae_dithmenos_through_a_glass_darkly,
          ebering_ghost_inner_flame, grunt_ministairs_11,
          corexii_leaking_fountain, feat_on_display
D:4:      layout_loops_corners, uniq_pikel

Skill      XL: |  1  2  3  4 |
---------------+-------------+-----
Armour         | 4 5 |  5.4
Shields        | 4 5 |  5.4
Axes           | 3 4 |  4.6
Fighting       | |  3.6

Action                   |  1- 3 |  4- 6 || total
-------------------------+-------+-------++-------
Melee: War axe           |    70 |    63 ||   133
       Headbutt          |    11 |    12 ||    23
  Use: Scroll            |       |     7 ||     7
       Potion            |       |     1 ||     1
Armor: Scale mail        |    23 |    34 ||    57
Dodge: Dodged            |    27 |     9 ||    36
Block: Kite shield       |    33 |    35 ||    68
